Map: Central Protocol

Players

uThermal - Winner!

  • Race: Terran Terran
  • League: Grandmaster

LiquidBunny (Bunny)

  • Race: Terran Terran
  • League: Grandmaster

Event: NationWars III

VOD

Have the link to the VOD?

Description

Time

  • Played on: Dec. 11, 2015, 1:54 p.m.
  • Length: 3:38

All games in this series

Show
View Real Time Build Order
Export as new Build Order

uThermal Terran - Winner!

Build Orders:  

Get SALT Encoding   

  12  0:00  SCV  
  13  0:12  SCV  
  14  0:17  Supply Depot  
  14  0:24  SCV  
  15  0:39  SCV  
  15  0:40  Barracks  
  16  0:45  Refinery  
  16  0:51  SCV  
  17  1:00  Barracks  
  17  1:03  SCV  
  18  1:15  SCV  
  19  1:20  Barracks  
  19  1:28  Reaper  
  19  1:31  Refinery  
  20  1:46  Supply Depot  
  20  1:48  Reaper  
  21  2:00  Reaper  
  22  2:02  Orbital Command  
  22  2:09  Reaper  
  23  2:20  Reaper  
  24  2:28  Supply Depot, SCV  
  25  2:33  Reaper  
  26  2:41  Reaper  
  26  2:43  SCV  
  28  2:52  Supply Depot, Reaper  
  29  3:05  Reaper  
Show
View Real Time Build Order
Export as new Build Order

LiquidBunny Terran 

Build Orders:  

Get SALT Encoding   

  12  0:00  SCV  
  13  0:12  SCV  
  14  0:17  Supply Depot  
  14  0:25  SCV  
  15  0:39  SCV, Barracks  
  16  0:43  Refinery  
  16  0:51  SCV  
  17  1:03  SCV  
  18  1:15  SCV  
  19  1:27  Barracks Reactor, Orbital Command  
  19  1:39  Command Center  
  19  1:45  Refinery  
  19  1:53  SCV  
  20  1:55  Supply Depot  
  20  2:02  Reaper  
  20  2:03  Reaper  
  20  2:07  SCV  
  23  2:13  Bunker  
  23  2:19  SCV  
  24  2:26  Factory  
  24  2:32  SCV  
  24  2:36  Marine x2  
  27  2:44  SCV  
  28  2:53  Orbital Command  
  28  2:54  Marine x2  
  28  2:58  SCV  
  27  3:10  SCV  
  27  3:12  Marine x2  
  27  3:22  SCV  
  27  3:24  SCV  
Tags
 
Add a new tag
Caveats
  • Supply blocks, unpowered buildings, or Contaminate may cause inaccurate times.
  • Supply counts are checked every 10 seconds.